General information
- name: BNet
- type: Ladder team game (AT/RT)
- host: Battle.net
- saver: Sh[o]gun
map: Mur'gulOasis
- players: 8
- length: 27:05
- speed: Fast
- version: 1.26 W3XP
- replay type: Public
» download(173 KB)
Players
team 1 (loser)

»
Dreamlo (
teal | 95 APM | 1456 actions | 15:14)
3 Death Knight
2 Death Coil
1 Unholy Aura
2 Dreadlord
1 Sleep
1 Vampiric Aura
» actions
| Assign group hotkey | 4 | |
| Basic commands | 31 | |
| Build / train | 59 | |
| ESC pressed | 1 | |
| Enter build submenu | 18 | |
| Enter hero's abilities submenu | 6 | |
| Right click | 820 | |
| Select / deselect | 206 | |
| Select group hotkey | 258 | |
| Use ability | 53 | |
1456 total
» units
| Acolyte | 2 | |
| Ghoul | 3 | |
| Crypt Fiend | 19 | |
| Frost Wyrm | 4 | |
28 total
» upgrades
| Creature Attack | 2 | |
| Web | 1 | |
| Freezing Breath | 1 | |
4 total
» buildings
| Graveyard | 1 | |
| Crypt | 1 | |
| Ziggurat | 7 | |
| Altar of Darkness | 1 | |
| Tomb of Relics | 1 | |
| Halls of the Dead | 3 | |
| Spirit Tower | 1 | |
| Sacrificial Pit | 1 | |
| Black Citadel | 2 | |
| Boneyard | 2 | |
20 total
» build order
00:09 Graveyard
00:18 Crypt
00:40 Ziggurat
00:57 Altar of Darkness
01:06 Ziggurat
01:48 Tomb of Relics
02:57 Ziggurat
03:02 Ziggurat
04:24 Halls of the Dead
04:24 Halls of the Dead
04:24 Halls of the Dead
07:43 Spirit Tower
07:48 Sacrificial Pit
08:08 Ziggurat
09:18 Black Citadel
09:18 Black Citadel
12:28 Boneyard
12:33 Boneyard
12:36 Ziggurat
13:15 Ziggurat
» items
| Rod of Necromancy | 4 | |
| Scroll of Town Portal | 5 | |
| Boots of Speed | 1 | |
10 total

»
murmansk (
red | 24 APM | 369 actions | 15:06)
4 Demon Hunter
1 Immolation
2 Evasion
1 Mana Burn
» actions
| Build / train | 43 | |
| Enter build submenu | 18 | |
| Enter hero's abilities submenu | 4 | |
| Remove unit from queue | 4 | |
| Right click | 119 | |
| Select / deselect | 148 | |
| Use ability | 33 | |
369 total
» units
| Wisp | 17 | |
| Hippogryph | 6 | |
| Chimaera | 3 | |
26 total
» upgrades
| Strength of the Wild | 2 | |
| Reinforced Hides | 3 | |
| Corrosive Breath | 1 | |
6 total
» buildings
| Moon Well | 7 | |
| Altar of Elders | 1 | |
| Hunter's Hall | 1 | |
| Ancient of Wonders | 3 | |
| Ancient Protector | 3 | |
| Tree of Ages | 1 | |
| Tree of Eternity | 1 | |
| Ancient of Wind | 1 | |
| Chimaera Roost | 2 | |
20 total
» build order
00:06 Moon Well
00:08 Moon Well
00:11 Altar of Elders
01:17 Hunter's Hall
02:09 Ancient of Wonders
02:22 Ancient Protector
02:26 Ancient Protector
02:54 Ancient Protector
03:33 Moon Well
03:43 Tree of Ages
04:29 Moon Well
05:25 Moon Well
06:05 Tree of Eternity
06:11 Ancient of Wind
06:19 Moon Well
07:54 Ancient of Wonders
07:59 Ancient of Wonders
08:28 Chimaera Roost
08:31 Chimaera Roost
08:52 Moon Well
» items
Day_Trader (
yellow | 94 APM | 2551 actions | 27:03)
7 Demon Hunter
2 Immolation
3 Mana Burn
1 Metamorphosis
1 Evasion
3 Death Knight
2 Unholy Aura
1 Animate Dead
» actions
| Assign group hotkey | 37 | |
| Basic commands | 1 | |
| Build / train | 88 | |
| Enter build submenu | 29 | |
| Enter hero's abilities submenu | 10 | |
| Give item / drop item | 1 | |
| Remove unit from queue | 8 | |
| Right click | 1271 | |
| Select / deselect | 516 | |
| Select group hotkey | 469 | |
| Use ability | 121 | |
2551 total
» units
| Wisp | 19 | |
| Huntress | 12 | |
| Hippogryph | 14 | |
| Frost Wyrm | 4 | |
| Archer | 8 | |
57 total
» upgrades
| Sentinel | 1 | |
| Strength of the Wild | 3 | |
| Reinforced Hides | 2 | |
| Hippogryph Taming | 1 | |
| Creature Attack | 1 | |
8 total
» buildings
| Altar of Elders | 1 | |
| Moon Well | 8 | |
| Hunter's Hall | 1 | |
| Ancient of War | 3 | |
| Ancient Protector | 7 | |
| Tree of Ages | 1 | |
| Tree of Eternity | 1 | |
| Ancient of Wind | 2 | |
| Ancient of Wonders | 1 | |
| Ziggurat | 2 | |
27 total
» build order
00:06 Altar of Elders
00:18 Moon Well
01:40 Moon Well
01:51 Hunter's Hall
02:02 Ancient of War
02:53 Ancient of War
03:05 Moon Well
04:47 Ancient Protector
05:35 Ancient Protector
06:09 Tree of Ages
06:50 Moon Well
07:49 Moon Well
09:02 Ancient Protector
09:06 Ancient Protector
09:17 Ancient Protector
10:27 Tree of Eternity
10:30 Ancient of Wind
12:02 Ancient of Wind
13:29 Ancient Protector
13:48 Ancient of Wonders
15:43 Ancient Protector
21:10 Ziggurat
21:10 Ziggurat
21:37 Ancient of War
22:03 Moon Well
22:17 Moon Well
22:21 Moon Well
» items
| Circlet of Nobility | 1 | |
| Scroll of Town Portal | 2 | |
| Potion of Healing | 1 | |
4 total
ceo (
purple | 36 APM | 902 actions | 25:07)
6 Pandaren Brewmaster
3 Drunken Haze
3 Drunken Brawler
» actions
| Assign group hotkey | 37 | |
| Build / train | 63 | |
| Enter build submenu | 12 | |
| Enter hero's abilities submenu | 6 | |
| Right click | 211 | |
| Select / deselect | 304 | |
| Select group hotkey | 216 | |
| Use ability | 53 | |
902 total
» units
| Wisp | 9 | |
| Archer | 12 | |
| Druid of the Claw | 12 | |
| Dryad | 15 | |
48 total
» upgrades
| Druid of the Claw Training | 2 | |
| Mark of the Claw | 1 | |
| Abolish Magic | 1 | |
4 total
» buildings
| Moon Well | 7 | |
| Altar of Elders | 1 | |
| Ancient of War | 1 | |
| Hunter's Hall | 1 | |
| Tree of Ages | 1 | |
| Ancient of Lore | 2 | |
| Tree of Eternity | 1 | |
14 total
» build order
00:15 Moon Well
00:32 Altar of Elders
00:57 Ancient of War
01:54 Moon Well
02:39 Hunter's Hall
02:58 Moon Well
04:02 Tree of Ages
04:27 Moon Well
06:26 Ancient of Lore
06:32 Ancient of Lore
06:49 Tree of Eternity
08:50 Moon Well
11:27 Moon Well
16:20 Moon Well
team 2 (winner)

»
macnasty (
pink | 23 APM | 629 actions | 27:04)
6 Shadow Hunter
3 Serpent Ward
2 Healing Wave
1 Big Bad Voodoo
4 Far Seer
2 Feral Spirit
2 Chain Lighting
» actions
| Build / train | 65 | |
| Enter build submenu | 19 | |
| Enter hero's abilities submenu | 11 | |
| Right click | 212 | |
| Select / deselect | 249 | |
| Use ability | 73 | |
629 total
» units
| Peon | 9 | |
| Grunt | 11 | |
| Shaman | 5 | |
| Tauren | 6 | |
| Troll Batrider | 3 | |
| Wind Rider | 1 | |
| Raider | 2 | |
37 total
» upgrades
| Berserker Strength | 1 | |
| Shaman Training | 2 | |
| Melee Weapons | 2 | |
| Armor | 1 | |
| Pulverize | 1 | |
| Reinforced Defenses | 1 | |
| Ensnare | 1 | |
9 total
» buildings
| Altar of Storms | 1 | |
| Orc Burrow | 8 | |
| Barracks | 1 | |
| Voodoo Lounge | 1 | |
| War Mill | 1 | |
| Stronghold | 1 | |
| Fortress | 1 | |
| Spirit Lodge | 1 | |
| Tauren Totem | 2 | |
| Great Hall | 2 | |
| Beastiary | 2 | |
21 total
» build order
00:13 Altar of Storms
00:19 Orc Burrow
00:34 Barracks
01:39 Orc Burrow
02:00 Voodoo Lounge
03:00 War Mill
03:59 Stronghold
04:07 Orc Burrow
06:23 Fortress
06:30 Spirit Lodge
07:51 Orc Burrow
09:10 Tauren Totem
09:12 Tauren Totem
09:18 Orc Burrow
11:24 Orc Burrow
17:24 Great Hall
18:34 Beastiary
18:37 Beastiary
22:29 Great Hall
22:53 Orc Burrow
23:50 Orc Burrow
» items
| Healing Salve | 2 | |
| Scroll of Town Portal | 2 | |
| Potion of Lesser Invulnerability | 1 | |
5 total
lord_kimimaru (
green | 30 APM | 820 actions | 27:04)
8 Blademaster
3 Wind Walk
3 Critical Strike
1 Bladestorm
1 Mirror Image
» actions
| Basic commands | 11 | |
| Build / train | 56 | |
| Enter build submenu | 13 | |
| Enter hero's abilities submenu | 9 | |
| Give item / drop item | 1 | |
| Right click | 466 | |
| Select / deselect | 173 | |
| Use ability | 91 | |
820 total
» units
| Peon | 8 | |
| Wind Rider | 11 | |
| Troll Batrider | 11 | |
30 total
» upgrades
| Ranged Weapons | 3 | |
| Envenomed Spears | 1 | |
| Armor | 2 | |
6 total
» buildings
| Altar of Storms | 1 | |
| Orc Burrow | 7 | |
| Stronghold | 2 | |
| War Mill | 1 | |
| Beastiary | 2 | |
| Fortress | 1 | |
| Voodoo Lounge | 1 | |
15 total
» build order
00:11 Altar of Storms
00:16 Orc Burrow
02:11 Stronghold
02:12 Stronghold
02:42 War Mill
03:17 Orc Burrow
03:21 Orc Burrow
04:33 Beastiary
04:40 Beastiary
06:44 Orc Burrow
08:27 Fortress
11:15 Orc Burrow
11:20 Orc Burrow
15:48 Orc Burrow
18:25 Voodoo Lounge
» items
| Healing Salve | 4 | |
| Orb of Lightning | 1 | |
| Scroll of Town Portal | 2 | |
| Boots of Speed | 1 | |
8 total
Sh[o]gun (
orange | 79 APM | 2148 actions | 27:05)
8 Archmage
3 Summon Water Elemental
3 Brilliance Aura
1 Mass Teleport
1 Blizzard
» actions
| Assign group hotkey | 301 | |
| Basic commands | 45 | |
| Build / train | 103 | |
| Enter build submenu | 49 | |
| Enter hero's abilities submenu | 8 | |
| Give item / drop item | 2 | |
| Remove unit from queue | 15 | |
| Right click | 956 | |
| Select / deselect | 373 | |
| Select group hotkey | 149 | |
| Use ability | 146 | |
2148 total
» units
| Peasant | 15 | |
| Footman | 10 | |
| Gryphon Rider | 4 | |
| Dragonhawk Rider | 8 | |
37 total
» upgrades
| Lumber Harvesting | 2 | |
| Defend | 1 | |
| Masonry | 3 | |
| Cloud | 1 | |
| Swords | 3 | |
| Animal War Training | 1 | |
| Armor | 2 | |
13 total
» buildings
| Altar of Kings | 1 | |
| Barracks | 1 | |
| Farm | 10 | |
| Scout Tower | 30 | |
| Arcane Tower | 1 | |
| Arcane Vault | 3 | |
| Keep | 1 | |
| Lumber Mill | 2 | |
| Castle | 1 | |
| Gryphon Aviary | 3 | |
| Blacksmith | 1 | |
| Town Hall | 2 | |
| Guard Tower | 7 | |
63 total
» build order
00:47 Altar of Kings
00:51 Barracks
00:56 Farm
01:05 Farm
01:06 Farm
01:27 Scout Tower
02:05 Arcane Tower
02:28 Farm
03:25 Arcane Vault
03:50 Keep
04:50 Lumber Mill
06:31 Farm
06:32 Farm
06:34 Farm
06:35 Farm
07:42 Castle
07:43 Gryphon Aviary
07:44 Gryphon Aviary
07:44 Gryphon Aviary
09:20 Farm
09:23 Farm
09:26 Blacksmith
12:23 Town Hall
16:42 Arcane Vault
17:13 Scout Tower
17:14 Scout Tower
17:14 Scout Tower
17:14 Scout Tower
17:15 Scout Tower
17:16 Scout Tower
17:17 Scout Tower
17:18 Scout Tower
17:19 Scout Tower
17:19 Scout Tower
17:59 Guard Tower
21:13 Guard Tower
21:15 Town Hall
21:57 Lumber Mill
22:31 Scout Tower
22:34 Scout Tower
22:34 Scout Tower
22:37 Scout Tower
22:43 Scout Tower
22:47 Scout Tower
23:07 Guard Tower
23:30 Guard Tower
24:39 Scout Tower
24:39 Scout Tower
24:42 Scout Tower
24:42 Scout Tower
24:42 Scout Tower
24:43 Scout Tower
24:43 Scout Tower
24:43 Scout Tower
25:26 Guard Tower
25:30 Arcane Vault
25:34 Guard Tower
26:30 Guard Tower
26:32 Scout Tower
26:32 Scout Tower
26:35 Scout Tower
26:37 Scout Tower
26:41 Scout Tower
» items
| Scroll of Regeneration | 6 | |
| Scroll of Town Portal | 5 | |
| Healing Salve | 3 | |
| Tiny Great Hall | 2 | |
16 total

»
WNxPook (
blue | 44 APM | 1178 actions | 27:04)
7 Demon Hunter
3 Immolation
3 Evasion
1 Metamorphosis
» actions
| Assign group hotkey | 81 | |
| Basic commands | 11 | |
| Build / train | 74 | |
| ESC pressed | 4 | |
| Enter build submenu | 21 | |
| Enter hero's abilities submenu | 7 | |
| Give item / drop item | 2 | |
| Right click | 578 | |
| Select / deselect | 290 | |
| Select group hotkey | 35 | |
| Use ability | 75 | |
1178 total
» units
| Wisp | 24 | |
| Huntress | 10 | |
| Glaive Thrower | 5 | |
| Hippogryph | 6 | |
45 total
» upgrades
| Strength of the Moon | 1 | |
| Ultravision | 1 | |
| Vorpal Blades | 1 | |
3 total
» buildings
| Altar of Elders | 1 | |
| Moon Well | 9 | |
| Ancient of War | 2 | |
| Hunter's Hall | 1 | |
| Tree of Ages | 2 | |
| Ancient of Wonders | 2 | |
| Tree of Life | 1 | |
| Ancient of Wind | 3 | |
21 total
» build order
00:07 Altar of Elders
00:19 Moon Well
01:25 Ancient of War
01:45 Hunter's Hall
02:02 Moon Well
02:28 Ancient of War
02:43 Moon Well
06:23 Tree of Ages
06:26 Moon Well
06:38 Ancient of Wonders
06:41 Moon Well
11:10 Moon Well
15:05 Tree of Life
20:42 Tree of Ages
21:34 Moon Well
22:39 Moon Well
23:36 Ancient of Wind
25:32 Ancient of Wind
26:02 Moon Well
26:06 Ancient of Wind
26:20 Ancient of Wonders
» items
| Moonstone | 1 | |
| Dust of Appearance | 1 | |
| Potion of Healing | 7 | |
| Scroll of Town Portal | 3 | |
| Staff of Preservation | 1 | |
| Orb of Fire | 1 | |
| Healing Salve | 1 | |
| Lesser Clarity Potion | 1 | |
16 total
Chat log
(00:26 / All) Sh[o]gun: ASL everyone
(00:29 / Allies) WNxPook: sup plan?
(00:37 / Allies) macnasty: rush
(00:37 / All) Day_Trader: me no asl :/
(00:57 / Allies) lord_kimimaru: my location is non existent
(01:09 / Allies) WNxPook: 0 bc male jerusalem
(01:16 / Allies) lord_kimimaru: O_o
(01:17 / All) Sh[o]gun: what are you guys wearing
(01:31 / Allies) lord_kimimaru: nothing.
(01:34 / All) WNxPook: a white robe
(01:34 / All) Dreamlo: silk underwear
(01:38 / All) Day_Trader: cackies, green wrestling shirt.
(01:45 / All) Sh[o]gun: what's WN stand for
(01:57 / All) WNxPook: wine and nice
(02:05 / Allies) macnasty: rush
(02:09 / Allies) lord_kimimaru: im kidding silly xD
(02:34 / Allies) lord_kimimaru: i got my underwear and bra on lol
(02:41 / All) Sh[o]gun: How would you guys react if I were to date your mother?
(02:56 / Allies) lord_kimimaru: i would hope you are the same age.
(03:21 / Allies) macnasty: rdy?
(03:46 / Allies) macnasty: damn green teched\
(04:02 / Allies) Sh[o]gun: na na na an na nan an a
(04:04 / Allies) Sh[o]gun: BAT NOOB!
(04:13 / Allies) lord_kimimaru: annoy yellow
(04:29 / Allies) macnasty: oj hit once they tp
(05:57 / Allies) macnasty: hit oj
(05:59 / Allies) macnasty: hit
(06:14 / Allies) macnasty: wtf oj
(06:30 / Allies) WNxPook: who needs golds
(07:39 / Allies) WNxPook: ?
(07:44 / Allies) WNxPook: go go go go
(07:45 / Allies) WNxPook: lOLLL
(08:36 / Allies) macnasty: conmn
(09:00 / Allies) macnasty: go hit yello
(09:03 / Allies) WNxPook: will do
(10:12 / Allies) macnasty: help him gren
(10:17 / Allies) macnasty: help him
(10:20 / Allies) Sh[o]gun: green almost dead
(10:29 / Allies) Sh[o]gun: out green
(10:32 / Allies) Sh[o]gun: that panda will rape you
(10:40 / Allies) Sh[o]gun: heal up green
(11:13 / Allies) macnasty: red is getting chims
(11:58 / Allies) macnasty: meet all and hit red
(12:06 / Allies) WNxPook: red hunts :*(
(12:16 / Allies) macnasty: come green
(12:23 / Allies) WNxPook: need to heal those hunts
(12:34 / Allies) Sh[o]gun: tep to blue?
(12:35 / Allies) macnasty: gg
(12:52 / Allies) macnasty: gg
(12:54 / Allies) macnasty: wow
(13:17 / Allies) lord_kimimaru: hit red
(13:25 / Allies) Sh[o]gun: go!
(13:25 / Allies) WNxPook: ff main hall k
(13:28 / Allies) WNxPook: cloud towers
(13:33 / Allies) macnasty: well ive never seen that b4
(13:42 / Allies) WNxPook: go go go cloud
(14:21 / Allies) macnasty: some one tp to me
(14:24 / Allies) macnasty: tp to me
(14:25 / Allies) Sh[o]gun: tp to pink
(14:26 / Allies) macnasty: some one
(14:30 / Allies) WNxPook: i only got cats
(14:33 / Allies) lord_kimimaru: i got
(15:05 / Allies) Sh[o]gun: all get tps
(15:23 / Allies) macnasty: tps
(15:26 / Allies) macnasty: rebuild blu
(15:33 / Allies) WNxPook: patience
(15:50 / Allies) macnasty: meet all
(16:45 / Allies) WNxPook: keeps my imo longer
(17:14 / Allies) macnasty: meet alllllll
(17:43 / Allies) Sh[o]gun: get bats
(17:44 / Allies) macnasty: gg
(18:14 / Allies) macnasty: gg
(18:15 / Allies) WNxPook: who needs golds
(18:18 / Allies) WNxPook: orange share if need
(18:25 / Allies) macnasty: we nned u to get hippos son
(18:32 / Allies) lord_kimimaru: getting bats
(18:46 / Allies) WNxPook: k 3 more wisps i tech
(19:07 / Allies) WNxPook: i need to make my dh aa
(19:22 / Allies) macnasty: bats
(19:41 / Allies) lord_kimimaru: my lounge wasnt done ._.
(20:06 / All) Sh[o]gun: fucking great lol
(20:21 / Allies) lord_kimimaru: just make sure your hero survives
(21:41 / Allies) macnasty: meet all
(21:43 / Allies) macnasty: we hit
(21:53 / Allies) WNxPook: k 200 more golds
(22:12 / Allies) Sh[o]gun: don't let them expand
(22:20 / Allies) macnasty: meet alll nowwww
(23:04 / Allies) macnasty: use money orange wtf
(23:13 / Allies) WNxPook: its good to be rich
(23:14 / Allies) WNxPook: dw
(23:21 / Allies) lord_kimimaru: dw?
(23:25 / Allies) WNxPook: dont wory
(23:35 / Allies) macnasty: control my units blue
(23:37 / Allies) lord_kimimaru: are we going to attack?
(24:28 / Allies) WNxPook: use basts
(24:56 / All) Day_Trader: gg
(25:08 / 7) Sh[o]gun: stay
(25:17 / 7) Sh[o]gun: I bs
(25:36 / All) Day_Trader: haha I don't believe
(25:38 / Allies) WNxPook: wood plz
(25:41 / 7) Sh[o]gun: don't or I can't bs
(25:50 / 7) Sh[o]gun: I will mass griffs to bs
(26:15 / 7) Sh[o]gun: Dude you're throwing away your only chance at victory
(26:17 / All) macnasty: what a sick game
(26:19 / All) Day_Trader: lol
(26:33 / Allies) WNxPook: im pumping up my dh
(26:34 / All) Day_Trader: you alreayd have mine.